[Event "Titled Tuesday Blitz May 17 Early 2022"]
[White "Vasquez Schroeder, Rodrigo"]
[Black "Solovchuk, Oleksiy"]
[WhiteFideId "3400042"]
[BlackFideId "14115220"]
[WhiteElo "2567"]
[BlackElo "2305"]
[Result "1/2-1/2"]
[Round "03"]
[TimeControl "180+1"]
[Date "2022.05.17"]
[WhiteClock "0:00:09"]
[BlackClock "0:00:24"]

1. e4 c6 2. Nf3 d5 3. d3 dxe4 4. dxe4 Qxd1+ 5. Kxd1 Nd7 6. Bc4 f6 7. a4 e5 8. Nbd2 Nh6 9. h3 Nf7 10. c3 Nd6 11. Bd3 Nc5 12. Bc2 a5 13. Re1 Be6 14. b3 O-O-O 15. Ke2 g5 16. Ba3 Na6 17. Bd3 Nb8 18. Bxd6 Bxd6 19. Bc4 Bd7 20. Nf1 h5 21. Ne3 Kc7 22. h4 g4 23. Nd2 Bc5 24. Ndf1 Bxe3 25. Kxe3 f5 26. exf5 Bxf5 27. Ng3 Bg6 28. Red1 Rhf8 29. Rxd8 Rxd8 30. Ra2 Nd7 31. Rd2 Nc5 32. Ra2 Bd3 33. Nxh5 Bxc4 34. bxc4 Rd3+ 35. Ke2 Rxc3 36. Nf6 Ne6 37. g3 Rxc4 38. h5 Rc1 39. Nxg4 Kd6 40. Kf3 Rh1 41. Nf6 Ke7 42. Kg2 Rb1 43. Ng4 e4 44. h6 Ng5 45. Re2 Kf7 46. Rd2 b5 47. Rd7+ Ke6 48. Rc7 Kd6 49. h7 Nxh7 50. Rxh7 bxa4 51. Ra7 Rb5 52. Ne3 Kc5 53. Nc2 Kb6 54. Ra8 Rb3 55. g4 Rb5 56. Rb8+ Kc7 57. Rxb5 cxb5 58. g5 Kd8 59. Kg3 b4 60. Kf4 a3 61. Kxe4 a2 62. Na1 a4 63. Kd4 b3 64. Kc3 Ke7 65. f4 Ke6 66. Kb2 Kf5 67. Ka3 Kg6 68. Kb2 Kf5 69. Ka3 Kg6 70. Kb2 Kf5 1/2-1/2


[Site "https://www.chess.com"]

[Event "Titled Tuesday Blitz May 17 Early 2022"]
[White "Vidonyak, Roman"]
[Black "Petrovskyi, Vadym"]
[WhiteFideId "14100622"]
[BlackFideId "14165210"]
[WhiteElo "2423"]
[BlackElo "2400"]
[Result "0-1"]
[Round "03"]
[TimeControl "180+1"]
[Date "2022.05.17"]
[WhiteClock "0:00:10"]
[BlackClock "0:01:13"]

1. d4 Nf6 2. c4 g6 3. h4 Bg7 4. Nc3 d6 5. e4 O-O 6. Be2 c5 7. d5 a6 8. h5 b5 9. cxb5 axb5 10. hxg6 fxg6 11. Bxb5 Nxe4 12. Nxe4 Qa5+ 13. Nc3 Bxc3+ 14. bxc3 Qxb5 15. Ne2 Ba6 16. Be3 Nd7 17. Rb1 Qc4 18. Rb2 Ne5 19. O-O Qh4 20. g3 Nf3+ 21. Kg2 Qh2# 0-1


[Site "https://www.chess.com"]

[Event "Titled Tuesday Blitz May 17 Early 2022"]
[White "Visakh N R"]
[Black "Moksh Amit Doshi"]
[WhiteFideId "25012223"]
[BlackFideId "25064967"]
[WhiteElo "2448"]
[BlackElo "2245"]
[Result "1-0"]
[Round "03"]
[TimeControl "180+1"]
[Date "2022.05.17"]
[WhiteClock "0:01:45"]
[BlackClock "0:00:26"]

1. Nf3 d5 2. c4 d4 3. g3 Nc6 4. Bg2 e5 5. d3 Bb4+ 6. Nbd2 a5 7. O-O Nf6 8. Nb1 h6 9. e3 O-O 10. exd4 exd4 11. a3 Bc5 12. Re1 Re8 13. Nbd2 Bf5 14. Rxe8+ Qxe8 15. Nb3 Ba7 16. Nh4 Bh7 17. Bxc6 Qxc6 18. Nxa5 Qb6 19. b4 Nd7 20. Bb2 Ne5 21. c5 Qb5 22. Bxd4 Nxd3 23. Qg4 g5 24. Nf5 Bxf5 25. Qxf5 Bxc5 26. Rd1 Nxf2 27. Qxf2 1-0


[Site "https://www.chess.com"]

[Event "Titled Tuesday Blitz May 17 Early 2022"]
[White "Vokhidov, Shamsiddin"]
[Black "Wagner, Dennis"]
[WhiteFideId "14204223"]
[BlackFideId "24650684"]
[WhiteElo "2611"]
[BlackElo "2355"]
[Result "1-0"]
[Round "03"]
[TimeControl "180+1"]
[Date "2022.05.17"]
[WhiteClock "0:00:43"]
[BlackClock "0:00:04"]

1. e4 e5 2. Nf3 Nc6 3. Nc3 Nf6 4. a3 d5 5. Bb5 Nxe4 6. Qe2 Nxc3 7. Qxe5+ Be7 8. Qxc3 O-O 9. Bxc6 Bf6 10. d4 bxc6 11. Qxc6 Re8+ 12. Be3 Rb8 13. O-O-O Re6 14. Qc3 Reb6 15. b3 Bf5 16. Bf4 Qe7 17. Qc5 Qe4 18. Bxc7 Be7 19. Nd2 Bxc5 20. Nxe4 Bxa3+ 21. Kd2 Bxe4 22. Bxb8 Rxb8 23. f3 Bg6 24. Ra1 Bb2 25. Rxa7 Bxd4 26. Rd7 Rc8 27. c4 Bf6 28. Rxd5 h5 29. Rc1 Kh7 30. c5 h4 31. c6 Bd8 32. b4 Bc7 33. Rc4 f6 34. Rxh4+ Kg8 35. b5 Bf7 36. Rd7 Ba5+ 37. Kc2 Rb8 38. Rb7 Bg6+ 39. Kb3 Re8 40. c7 Bf7+ 41. Kc2 Rc8 42. b6 Bxb6 43. Rxb6 Rxc7+ 44. Kd2 g5 45. Rh6 Kg7 46. Rhxf6 Rd7+ 47. Rfd6 Ra7 48. Ke3 Ra3+ 49. Rd3 Ra2 50. Rb7 Kf6 51. Rd6+ Ke5 52. Rd2 Bc4 53. Rxa2 Bxa2 54. Rb5+ 1-0


[Site "https://www.chess.com"]

[Event "Titled Tuesday Blitz May 17 Early 2022"]
[White "Vovk, Orest"]
[Black "Kozak, Adam"]
[WhiteFideId "14113490"]
[BlackFideId "753246"]
[WhiteElo "2203"]
[BlackElo "2459"]
[Result "1-0"]
[Round "03"]
[TimeControl "180+1"]
[Date "2022.05.17"]
[WhiteClock "0:00:10"]
[BlackClock "0:00:36"]

1. h4 e5 2. h5 d5 3. h6 Nxh6 4. d4 Ng4 5. f3 exd4 6. fxg4 c5 7. e3 dxe3 8. Bxe3 Nc6 9. Nf3 Bxg4 10. Qe2 Be7 11. Bxc5 Qa5+ 12. b4 Qc7 13. Bxe7 Nxe7 14. Qb5+ Bd7 15. Qd3 Bf5 16. Qb5+ Kf8 17. Bd3 a6 18. Qc5 Qg3+ 19. Kf1 Rc8 20. Qf2 Bxd3+ 21. cxd3 Rc1+ 22. Ne1 Qxd3+ 23. Qe2 Qd4 24. Qd2 Rxe1+ 25. Qxe1 Qxa1 26. Rh3 h5 27. Re3 Rh6 28. Kg1 Re6 29. Rxe6 fxe6 30. a3 h4 31. Kh2 Qf6 32. Nc3 Qf4+ 33. Kh1 Nf5 34. Ne2 Qe5 35. Qf1 Qxe2 36. Qf4 Qf1+ 37. Qxf1 Ke7 38. Qd1 Kd6 39. Kh2 d4 40. Qg4 b6 41. Qe4 g6 42. Qb7 Ke5 43. Qxb6 d3 44. Qxa6 Kd4 45. Qa7+ Kc3 46. Qc5+ Kb3 47. Qc1 e5 48. b5 e4 49. b6 Nd6 50. Qc5 d2 51. Qxd6 Kc2 52. b7 d1=Q 53. Qxd1+ Kxd1 54. b8=Q e3 55. Qe5 e2 56. a4 g5 57. a5 g4 58. a6 Kd2 59. a7 e1=Q 60. Qxe1+ Kxe1 61. a8=Q Kf2 62. g3 h3 63. Kh1 Kxg3 64. Qe4 Kh4 65. Qe3 g3 66. Qf4+ Kh5 67. Qxg3 h2 68. Qxh2+ Kg4 69. Qf2 Kh3 70. Qf3+ Kh4 71. Kg2 Kg5 72. Kf2 Kh4 73. Ke3 Kg5 74. Qf4+ Kg6 75. Ke4 Kh5 76. Qg3 Kh6 77. Kf5 Kh5 78. Qh2# 1-0


[Site "https://www.chess.com"]

[Event "Titled Tuesday Blitz May 17 Early 2022"]
[White "Xiong, Jeffery"]
[Black "Krishna, C R G"]
[WhiteFideId "2047640"]
[BlackFideId "5018625"]
[WhiteElo "2727"]
[BlackElo "2332"]
[Result "1/2-1/2"]
[Round "03"]
[TimeControl "180+1"]
[Date "2022.05.17"]
[WhiteClock "0:00:46"]
[BlackClock "0:00:47"]

1. e4 e6 2. d4 d5 3. exd5 exd5 4. Nf3 Bd6 5. c4 Nf6 6. c5 Be7 7. Bd3 O-O 8. O-O b6 9. Be3 bxc5 10. dxc5 Ba6 11. Nc3 Bxd3 12. Qxd3 Nc6 13. Rfd1 Nb4 14. Qd2 c6 15. a3 Na6 16. b4 Nc7 17. Ne5 Qe8 18. Re1 Ne6 19. Rad1 Rd8 20. Nf3 Ne4 21. Qc2 Nxc3 22. Qxc3 Bf6 23. Qb3 Qd7 24. Bc1 Rfe8 25. h3 h6 26. Qd3 Nc7 27. Bf4 Nb5 28. Ne5 Bxe5 29. Bxe5 f6 30. a4 fxe5 31. axb5 cxb5 32. Ra1 Re6 33. Qf5 Rf8 34. Qh5 Qf7 35. Rxe5 Qxf2+ 36. Kh1 Qb2 37. Rxe6 Qxa1+ 38. Kh2 Qd4 39. Re1 Qxb4 40. Qxd5+ Kh8 41. Re4 Qa5 42. Re7 Qb4 43. Qe5 Qf4+ 44. Qxf4 Rxf4 45. Rxa7 Rc4 46. Rc7 b4 47. Rb7 Rxc5 48. Rxb4 1/2-1/2


[Site "https://www.chess.com"]

[Event "Titled Tuesday Blitz May 17 Early 2022"]
[White "Xu, Yi"]
[Black "Hnydiuk, Aleksander"]
[WhiteFideId "8605564"]
[BlackFideId "1109057"]
[WhiteElo "2471"]
[BlackElo "2374"]
[Result "1/2-1/2"]
[Round "03"]
[TimeControl "180+1"]
[Date "2022.05.17"]
[WhiteClock "0:00:06"]
[BlackClock "0:00:22"]

1. e4 Nf6 2. e5 Nd5 3. d4 d6 4. Nf3 dxe5 5. Nxe5 c6 6. Be2 Nd7 7. Nf3 N7f6 8. O-O Bg4 9. h3 Bh5 10. c4 Nb6 11. b3 e6 12. Be3 Be7 13. Nc3 O-O 14. Ne5 Bxe2 15. Qxe2 Nbd7 16. Rfd1 Qa5 17. Nxd7 Nxd7 18. Rac1 Rfd8 19. a4 Rac8 20. Ne4 Nf6 21. Qc2 Nxe4 22. Qxe4 Bf6 23. Qc2 Rd7 24. Rb1 Rcd8 25. b4 Qc7 26. Qe4 b5 27. axb5 cxb5 28. c5 Rd5 29. Qg4 Qd7 30. Ra1 h5 31. Qe2 e5 32. c6 Qxc6 33. dxe5 Bxe5 34. Rxd5 Qxd5 35. Rc1 a6 36. h4 g6 37. g3 Kg7 38. Kh2 Rd7 39. Bc5 Bf6 40. Re1 Qd3 41. Qxd3 Rxd3 42. Re8 Rd8 43. Re2 Ra8 44. Ra2 Bc3 45. Ra3 Bf6 46. Kg2 Kg8 47. Kf3 Bd8 48. Ke4 a5 49. bxa5 Rxa5 50. Rd3 Ra4+ 51. Kd5 Bf6 52. Rb3 Ra5 53. Bb6 Ra2 54. Rxb5 Kg7 55. Ke4 Re2+ 56. Kf3 Rb2 57. Rxb2 Bxb2 58. Be3 Kf6 59. Bb6 Kf5 60. Be3 f6 61. Bf4 Bd4 62. Bd2 g5 63. hxg5 fxg5 64. Bc1 g4+ 65. Kg2 Ke4 66. Bf4 Kd3 67. Kf1 Bc5 68. Bb8 Ke4 69. Kg2 Bd4 70. Bc7 Bc5 71. Bd8 Ba7 72. Bc7 Bd4 73. Bd8 Bc5 74. Bc7 Kd3 75. Kf1 Bd4 76. Bd8 Ke4 77. Kg2 Bc5 78. Bc7 Bd4 79. Bd8 1/2-1/2


[Site "https://www.chess.com"]

[Event "Titled Tuesday Blitz May 17 Early 2022"]
[White "Yilmaz, Mustafa"]
[Black "Liyanage, Ranindu Dilshan"]
[WhiteFideId "6302718"]
[BlackFideId "9915834"]
[WhiteElo "2568"]
[BlackElo "1858"]
[Result "0-1"]
[Round "03"]
[TimeControl "180+1"]
[Date "2022.05.17"]
[WhiteClock "0:00:01"]
[BlackClock "0:00:06"]

1. d4 Nf6 2. c4 e6 3. Nc3 Bb4 4. Qc2 O-O 5. a3 Bxc3+ 6. Qxc3 d5 7. Bg5 dxc4 8. Qxc4 b6 9. Rc1 Ba6 10. Bxf6 Qxf6 11. Qa4 c5 12. Nf3 Rd8 13. e3 Bxf1 14. Rxf1 cxd4 15. Nxd4 Nd7 16. Rc7 Nc5 17. Qc6 Na6 18. Rd7 Rdc8 19. Qd6 Qg6 20. Ke2 Nc5 21. Rc1 Qd3+ 22. Kf3 Qe4+ 23. Kg3 Nxd7 24. Rxc8+ Rxc8 25. Qxd7 Qe5+ 26. Kh3 Qh5+ 27. Kg3 Qe5+ 28. Kh3 Qc7 29. Qa4 e5 30. Nf3 Qe7 31. g4 h6 32. Kg3 a5 33. Qe4 Qe6 34. h4 f6 35. h5 Rc4 36. Qa8+ Kh7 37. Nh2 e4 38. Kg2 Rc2 39. Qd8 f5 40. Qd4 fxg4 41. Nf1 Qf5 42. Kh1 Rxf2 43. Ng3 Qf3+ 44. Kg1 Qxg3+ 0-1


[Site "https://www.chess.com"]

[Event "Titled Tuesday Blitz May 17 Early 2022"]
[White "Zakhartsov, Vladimir"]
[Black "Avazkhonov, Alikhon"]
[WhiteFideId "4145097"]
[BlackFideId "14208504"]
[WhiteElo "2428"]
[BlackElo "1739"]
[Result "1-0"]
[Round "03"]
[TimeControl "180+1"]
[Date "2022.05.17"]
[WhiteClock "0:00:39"]
[BlackClock "0:00:02"]

1. d4 d5 2. c4 e6 3. Nf3 c6 4. Nbd2 f5 5. g3 Nf6 6. Bg2 Bd6 7. O-O O-O 8. b3 Nbd7 9. a4 Qe7 10. e3 Ne4 11. Nb1 a5 12. Ba3 Ndf6 13. Bxd6 Qxd6 14. Ne5 Bd7 15. f3 Ng5 16. Nc3 Be8 17. Nd3 Bh5 18. Qc1 Nf7 19. Qa3 g5 20. Qxd6 Nxd6 21. Ne5 Nf7 22. Nd3 Rfe8 23. f4 h6 24. c5 Ne4 25. Rfc1 Nxc3 26. Rxc3 Be2 27. Nc1 Ba6 28. Bf3 g4 29. Bg2 Nh8 30. Na2 Ng6 31. Kf2 h5 32. Rb1 h4 33. Rb2 Kf7 34. b4 axb4 35. Rxb4 Re7 36. Nc1 Rh8 37. Kg1 Rc7 38. Nb3 Nf8 39. Na5 Nd7 40. Rcb3 Rb8 41. gxh4 Kg6 42. Kf2 Kh5 43. Kg3 Nf6 44. Rb6 Nd7 45. Rb1 Nf6 46. Rxa6 1-0


[Site "https://www.chess.com"]

[Event "Titled Tuesday Blitz May 17 Early 2022"]
[White "Aghasiyev, Kamal"]
[Black "Vasquez Schroeder, Rodrigo"]
[WhiteFideId "13402854"]
[BlackFideId "3400042"]
[WhiteElo "2210"]
[BlackElo "2567"]
[Result "1/2-1/2"]
[Round "04"]
[TimeControl "180+1"]
[Date "2022.05.17"]
[WhiteClock "0:00:07"]
[BlackClock "0:00:08"]

1. d4 d5 2. c4 c6 3. Nf3 Nf6 4. e3 Bg4 5. Nc3 e6 6. h3 Bxf3 7. Qxf3 Nbd7 8. Qd1 Bd6 9. Bd3 O-O 10. O-O Qe7 11. cxd5 exd5 12. Bd2 Ne4 13. Nxe4 dxe4 14. Bc4 Nb6 15. Bb3 Kh8 16. f3 f5 17. fxe4 Qxe4 18. Qf3 Qe7 19. Rae1 Rae8 20. Bc3 Bb4 21. Qh5 g6 22. Qh6 Bxc3 23. bxc3 Nd7 24. c4 c5 25. Ba4 Rd8 26. Bxd7 Rxd7 27. d5 Rdd8 28. e4 fxe4 29. Rxf8+ Rxf8 30. Rxe4 Qf6 31. Kh2 Kg8 32. h4 b6 33. h5 gxh5 34. Qxh5 Kg7 35. Rh4 h6 36. Rg4+ Kh7 37. Re4 Rf7 38. Qe2 Rg7 39. Qh5 Rg5 40. Qh3 Rg7 41. Qe3 Qg6 42. Qf3 h5 43. Re5 Rf7 44. Qxh5+ Kg7 45. Qxg6+ Kxg6 46. g4 Rf2+ 47. Kg3 Rxa2 48. Re7 Ra4 49. d6 Rxc4 50. Rxa7 Rd4 51. d7 Kf6 52. Rb7 Ke7 53. Rxb6 Kxd7 54. g5 Rd1 55. Kf4 c4 56. Rb4 Rd4+ 57. Ke5 Rg4 58. Kd5 Rxg5+ 59. Kxc4 Rg4+ 60. Kb3 Rxb4+ 61. Kxb4 1/2-1/2


[Site "https://www.chess.com"]

[Event "Titled Tuesday Blitz May 17 Early 2022"]
[White "Andreikin, Dmitry"]
[Black "Bryakin, Mikhail"]
[WhiteFideId "4158814"]
[BlackFideId "4165314"]
[WhiteElo "2736"]
[BlackElo "2417"]
[Result "1-0"]
[Round "04"]
[TimeControl "180+1"]
[Date "2022.05.17"]
[WhiteClock "0:02:08"]
[BlackClock "0:01:03"]

1. d4 d6 2. e4 Nf6 3. Nc3 g6 4. Be3 Bg7 5. f3 O-O 6. Qd2 c6 7. Bh6 b5 8. h4 b4 9. Nce2 Re8 10. Bxg7 Kxg7 11. h5 e5 12. hxg6 fxg6 13. O-O-O Qa5 14. Kb1 Be6 15. Nc1 Nbd7 16. Nge2 Nb6 17. Nb3 Qa4 18. g4 Nc4 19. Qh6+ Kg8 20. g5 Nh5 21. Ng3 Bf7 22. Rxh5 gxh5 23. Nf5 1-0


[Site "https://www.chess.com"]

[Event "Titled Tuesday Blitz May 17 Early 2022"]
[White "Beerdsen, Thomas"]
[Black "Vokhidov, Shamsiddin"]
[WhiteFideId "1030108"]
[BlackFideId "14204223"]
[WhiteElo "2585"]
[BlackElo "2611"]
[Result "0-1"]
[Round "04"]
[TimeControl "180+1"]
[Date "2022.05.17"]
[WhiteClock "0:01:20"]
[BlackClock "0:01:50"]

1. e4 e5 2. Nf3 Nc6 3. d4 exd4 4. Bc4 Bc5 5. c3 Nf6 6. O-O Nxe4 7. Bd5 Nf6 8. Re1+ Be7 9. Bb3 O-O 10. Bg5 h6 11. Bh4 d5 12. h3 dxc3 13. Nxc3 Be6 14. Ne2 Ne4 15. Bxe7 Nxe7 16. Nf4 Qd6 17. g3 Rad8 18. Nd4 Bd7 19. Qh5 c5 20. Nxd5 Nxd5 21. Qxd5 Qxd5 22. Bxd5 Nf6 23. Bxf7+ Rxf7 24. Nf3 Bxh3 25. Ne5 Re7 26. Ng6 Rxe1+ 27. Rxe1 Bg4 28. Ne5 Rd1 29. Rxd1 Bxd1 30. Nd3 b6 31. Nxc5 bxc5 0-1


[Site "https://www.chess.com"]

[Event "Titled Tuesday Blitz May 17 Early 2022"]
[White "Chigaev, Maksim"]
[Black "Klekowski, Maciej"]
[WhiteFideId "4108116"]
[BlackFideId "1132717"]
[WhiteElo "2457"]
[BlackElo "2476"]
[Result "1/2-1/2"]
[Round "04"]
[TimeControl "180+1"]
[Date "2022.05.17"]
[WhiteClock "0:00:08"]
[BlackClock "0:00:06"]

1. Nf3 Nf6 2. c4 g6 3. Nc3 Bg7 4. e4 d6 5. d4 O-O 6. Be2 e5 7. O-O Nc6 8. d5 Ne7 9. b4 a5 10. bxa5 Ne8 11. a4 Rxa5 12. Re1 Bg4 13. h3 Bxf3 14. Bxf3 f5 15. Ba3 b6 16. Bb4 Ra8 17. a5 bxa5 18. Bxa5 Nf6 19. c5 fxe4 20. cxd6 exf3 21. Bxc7 Rxa1 22. Qxa1 Qd7 23. dxe7 Qxe7 24. d6 Qe6 25. Qa2 Qxa2 26. Nxa2 Nd7 27. Nc3 fxg2 28. Ne4 h6 29. Kxg2 Kf7 30. Ra1 Ke6 31. Ra7 Bf6 32. Ra3 Bh4 33. Rb3 Rf4 34. f3 Rf8 35. Ra3 Kd5 36. Kf1 h5 37. Ke2 Ke6 38. Ra1 Kf5 39. Ra7 Ke6 40. Ra4 Kf5 41. Nc3 Bg5 42. Nd5 Ke6 43. Nc3 Bf4 44. Ne4 g5 45. Ra3 Kd5 46. Ra5+ Ke6 47. Ra6 Rg8 48. Ra4 g4 49. fxg4 hxg4 50. hxg4 Rxg4 51. Kf3 Rg1 52. Ra8 Rf1+ 53. Ke2 Rb1 54. Re8+ Kf5 55. Nc3 Rb3 56. Kd3 Rb4 57. Re7 Rd4+ 58. Kc2 Nc5 59. Nb5 Rc4+ 60. Kb1 Rb4+ 61. Kc2 Rxb5 62. Kc3 Ne4+ 63. Kc4 Rc5+ 64. Kb4 Rd5 65. d7 Bg5 66. d8=Q Rxd8 67. Bxd8 Bxe7+ 68. Bxe7 Nf2 69. Kc3 e4 70. Kd2 Kf4 71. Ke2 Nd3 72. Bd6+ Kf5 73. Ke3 Nf4 74. Bxf4 1/2-1/2


[Site "https://www.chess.com"]

[Event "Titled Tuesday Blitz May 17 Early 2022"]
[White "Ciorgovean, Iustin"]
[Black "Harsha Bharathakoti"]
[WhiteFideId "1242911"]
[BlackFideId "5078776"]
[WhiteElo "2075"]
[BlackElo "2575"]
[Result "1-0"]
[Round "04"]
[TimeControl "180+1"]
[Date "2022.05.17"]
[WhiteClock "0:00:07"]
[BlackClock "0:00:02"]

1. d4 Nf6 2. c4 g6 3. Nc3 Bg7 4. e4 d6 5. h3 O-O 6. Be3 e5 7. d5 Na6 8. g4 Nc5 9. f3 a5 10. Nge2 c6 11. Ng3 h5 12. Rg1 h4 13. Nh1 Nh7 14. Qd2 cxd5 15. cxd5 Bd7 16. Nf2 a4 17. g5 Qa5 18. Ng4 b5 19. Rc1 Rfc8 20. Be2 a3 21. b3 b4 22. Nd1 Bb5 23. Bxc5 Bxe2 24. Kxe2 Rxc5 25. Rxc5 Qxc5 26. Ndf2 Rc8 27. Rd1 Bf8 28. Nd3 Qa7 29. Nxb4 Be7 30. Nc6 Qa6+ 31. Qd3 Qb7 32. Rc1 Kg7 33. Qd2 Bxg5 34. Qc2 Bxc1 35. Qxc1 Nf6 36. Qh6+ Kg8 37. Nxf6# 1-0


[Site "https://www.chess.com"]

[Event "Titled Tuesday Blitz May 17 Early 2022"]
[White "Demchenko, Anton"]
[Black "Hua, Lefong"]
[WhiteFideId "4160258"]
[BlackFideId "2602253"]
[WhiteElo "2539"]
[BlackElo "2625"]
[Result "1/2-1/2"]
[Round "04"]
[TimeControl "180+1"]
[Date "2022.05.17"]
[WhiteClock "0:00:05"]
[BlackClock "0:00:09"]

1. e4 c5 2. Nf3 g6 3. Bc4 Bg7 4. c3 d6 5. d4 cxd4 6. cxd4 Nf6 7. Nc3 O-O 8. Be2 Nc6 9. h3 a6 10. O-O d5 11. e5 Ne4 12. Be3 Nxc3 13. bxc3 b5 14. Qd2 Na5 15. Bh6 Be6 16. Bxg7 Kxg7 17. Ng5 Rc8 18. f4 Nc4 19. Bxc4 Rxc4 20. g4 h6 21. Nf3 Qc8 22. Rac1 Rh8 23. Nh4 Bxg4 24. hxg4 Qxg4+ 25. Ng2 Rhc8 26. a3 e6 27. Qd3 Ra4 28. f5 gxf5 29. Rf4 Qg5 30. Rcf1 Rxa3 31. R1f3 Kf8 32. Rg3 Qh5 33. Rh4 Rcxc3 34. Rxh5 Rxd3 35. Rxd3 Rxd3 36. Rxh6 Rxd4 37. Rh8+ Kg7 38. Ra8 Ra4 39. Kf2 b4 40. Rb8 a5 41. Nf4 b3 42. Nd3 Ra3 43. Nc5 a4 44. Rb7 Ra2+ 45. Kf3 Kg6 46. Rb8 b2 47. Nd3 a3 48. Nf4+ Kh7 49. Nh5 Ra1 50. Nf6+ Kg7 51. Rg8+ Kh6 52. Rh8+ Kg7 53. Rg8+ Kh6 54. Rh8+ Kg7 55. Rg8+ 1/2-1/2


[Site "https://www.chess.com"]

[Event "Titled Tuesday Blitz May 17 Early 2022"]
[White "Donchenko, Alexander"]
[Black "Liyanage, Ranindu Dilshan"]
[WhiteFideId "24603295"]
[BlackFideId "9915834"]
[WhiteElo "2572"]
[BlackElo "1858"]
[Result "1-0"]
[Round "04"]
[TimeControl "180+1"]
[Date "2022.05.17"]
[WhiteClock "0:01:27"]
[BlackClock "0:00:08"]

1. d4 Nf6 2. c4 e6 3. g3 d5 4. Bg2 Be7 5. Nf3 O-O 6. Nc3 dxc4 7. Ne5 Nc6 8. Bxc6 bxc6 9. Nxc6 Qe8 10. Nxe7+ Qxe7 11. Qa4 e5 12. dxe5 Qxe5 13. Qxc4 Be6 14. Bf4 Qf5 15. Qb5 Qh3 16. O-O-O Rab8 17. Qc5 Rb7 18. Bg5 Nd7 19. Qc6 Rfb8 20. Rd2 Rb6 21. Qxc7 Qg2 22. Rhd1 Qxf2 23. Rxd7 Bxd7 24. Rxd7 h6 25. Bf4 Rxb2 26. Rd8+ Kh7 27. Rxb8 1-0


[Site "https://www.chess.com"]

[Event "Titled Tuesday Blitz May 17 Early 2022"]
[White "Druska, Juraj"]
[Black "Moskalenko, Alexander"]
[WhiteFideId "14915650"]
[BlackFideId "4155351"]
[WhiteElo "2369"]
[BlackElo "2434"]
[Result "1-0"]
[Round "04"]
[TimeControl "180+1"]
[Date "2022.05.17"]
[WhiteClock "0:00:09"]
[BlackClock "0:00:37"]

1. e4 c5 2. Nf3 d6 3. d4 cxd4 4. Nxd4 Nf6 5. Nc3 a6 6. a4 g6 7. Be2 Bg7 8. O-O O-O 9. Be3 Nc6 10. Nxc6 bxc6 11. a5 Nd7 12. Qd2 Nc5 13. f3 Rb8 14. Ra2 f5 15. exf5 gxf5 16. Bd4 e5 17. Bxc5 dxc5 18. Bc4+ Kh8 19. Qxd8 Rxd8 20. Na4 e4 21. c3 Rd2 22. fxe4 fxe4 23. Nxc5 e3 24. Re1 Bh6 25. b4 Bf5 26. Nxa6 Rbd8 27. Nc5 Rxa2 28. Bxa2 Rd2 29. Be6 Bxe6 30. Nxe6 Rc2 31. Nd8 Rxc3 32. Nf7+ Kg7 33. Nxh6 Kxh6 34. Ra1 Rc2 35. a6 e2 36. Kf2 e1=Q+ 37. Kxe1 Rxg2 38. Kf1 Rxh2 39. Kg1 Re2 40. a7 Re8 41. a8=Q 1-0


[Site "https://www.chess.com"]

[Event "Titled Tuesday Blitz May 17 Early 2022"]
[White "Dubov, Daniil"]
[Black "Yeletsky, Ivan"]
[WhiteFideId "24126055"]
[BlackFideId "24180327"]
[WhiteElo "2791"]
[BlackElo "2319"]
[Result "1-0"]
[Round "04"]
[TimeControl "180+1"]
[Date "2022.05.17"]
[WhiteClock "0:02:08"]
[BlackClock "0:00:47"]

1. d4 Nf6 2. Nf3 e6 3. c4 d5 4. g3 Bb4+ 5. Nbd2 dxc4 6. Bg2 a5 7. a3 Bxd2+ 8. Bxd2 b5 9. a4 c6 10. Qc2 Bb7 11. h4 Nd5 12. h5 Nb4 13. Qb1 Nd7 14. h6 g6 15. O-O O-O 16. Rd1 f6 17. Qe4 Qe7 18. axb5 f5 19. Qh4 Qxh4 20. Nxh4 Rfb8 21. Bxb4 axb4 22. bxc6 Rxa1 23. Rxa1 Bxc6 24. Bxc6 c3 25. Bxd7 1-0


[Site "https://www.chess.com"]

[Event "Titled Tuesday Blitz May 17 Early 2022"]
[White "Garriga Cazorla, Pere"]
[Black "Drygalov, Sergey"]
[WhiteFideId "32011601"]
[BlackFideId "24171743"]
[WhiteElo "2433"]
[BlackElo "2514"]
[Result "0-1"]
[Round "04"]
[TimeControl "180+1"]
[Date "2022.05.17"]
[WhiteClock "0:01:17"]
[BlackClock "0:01:57"]

1. d4 Nf6 2. c4 e6 3. Nc3 Bb4 4. e3 O-O 5. Bd3 c5 6. a3 Bxc3+ 7. bxc3 b6 8. Ne2 Ba6 9. e4 Ne8 10. Ng3 Nc6 11. Be3 Na5 12. Qe2 Rc8 13. dxc5 Nb3 14. Rd1 Nxc5 15. Bc2 Qe7 16. e5 f5 17. exf6 Nxf6 18. Nh5 d5 19. Bd4 Bxc4 20. Nxf6+ gxf6 21. Qg4+ Kh8 22. f4 e5 23. Be3 d4 24. Bc1 d3 25. Bb1 exf4+ 26. Kf2 Ne4+ 27. Kf1 d2+ 0-1


[Site "https://www.chess.com"]

[Event "Titled Tuesday Blitz May 17 Early 2022"]
[White "Hnydiuk, Aleksander"]
[Black "Lodici, Lorenzo"]
[WhiteFideId "1109057"]
[BlackFideId "884189"]
[WhiteElo "2374"]
[BlackElo "2265"]
[Result "0-1"]
[Round "04"]
[TimeControl "180+1"]
[Date "2022.05.17"]
[WhiteClock "0:00:07"]
[BlackClock "0:00:38"]

1. e4 c5 2. Nf3 b6 3. d4 cxd4 4. Nxd4 Bb7 5. Nc3 Nf6 6. e5 Nd5 7. Nxd5 Bxd5 8. Bf4 Nc6 9. Nb5 Be6 10. Qd2 g6 11. h4 h5 12. O-O-O Bg7 13. Qe3 Qb8 14. Re1 a6 15. Nc3 b5 16. Bd3 Qa7 17. Qf3 Rc8 18. Kb1 Nb4 19. Be4 Qc5 20. a3 Nc6 21. Qg3 Nxe5 22. Bb7 Nc4 23. Bxc8 Qxc8 24. Nd1 Qc5 25. Re2 O-O 26. Rhe1 Rc8 27. Qf3 Bg4 28. Qb7 Bxe2 29. Rxe2 e5 30. Be3 Qc6 31. Qxc6 dxc6 32. Bc5 Rd8 33. Nc3 f5 34. b3 Nd6 35. Rd2 Nb7 36. Rxd8+ Nxd8 37. Kc1 Kf7 38. f3 Ke6 39. Kd2 Bf6 40. Bb6 Nb7 41. g3 Nd6 42. Kd3 f4 43. gxf4 Bxh4 44. fxe5 Kxe5 45. Bc7 Ke6 46. Ne4 Nxe4 47. Kxe4 Be7 48. Bh2 Bxa3 0-1


[Site "https://www.chess.com"]

[Event "Titled Tuesday Blitz May 17 Early 2022"]
[White "Indjic, Aleksandar"]
[Black "Djokic, Mihailo"]
[WhiteFideId "911925"]
[BlackFideId "976440"]
[WhiteElo "2616"]
[BlackElo "2202"]
[Result "1-0"]
[Round "04"]
[TimeControl "180+1"]
[Date "2022.05.17"]
[WhiteClock "0:01:50"]
[BlackClock "0:00:51"]

1. c4 e5 2. Nc3 Nc6 3. e3 Nf6 4. g4 d5 5. g5 d4 6. gxf6 dxc3 7. fxg7 cxd2+ 8. Qxd2 Bxg7 9. Qxd8+ Nxd8 10. Bd2 Be6 11. O-O-O c6 12. Bc3 f6 13. Nf3 Nf7 14. Rg1 Bf8 15. Nh4 Rd8 16. Rxd8+ Kxd8 17. Bd3 Nd6 18. b3 Rg8 19. Rg3 Rxg3 20. hxg3 Bg8 21. f4 Bg7 22. Kd2 Kd7 23. c5 Ne8 24. Bf5+ Kc7 25. Nf3 exf4 26. exf4 b6 27. cxb6+ axb6 28. Nd4 Nd6 29. Be6 Bf7 30. Bxf7 Nxf7 31. Ne6+ 1-0


[Site "https://www.chess.com"]

[Event "Titled Tuesday Blitz May 17 Early 2022"]
[White "Jarovinsky, Alexey"]
[Black "Neiksans, Arturs"]
[WhiteFideId "14115131"]
[BlackFideId "11601388"]
[WhiteElo "2446"]
[BlackElo "2447"]
[Result "1/2-1/2"]
[Round "04"]
[TimeControl "180+1"]
[Date "2022.05.17"]
[WhiteClock "0:00:07"]
[BlackClock "0:00:31"]

1. Nc3 e5 2. Nf3 Nc6 3. d4 exd4 4. Nxd4 Bb4 5. Nxc6 dxc6 6. Qxd8+ Kxd8 7. Bd2 Be6 8. O-O-O Ke8 9. Ne4 Be7 10. Bc3 f6 11. a3 b6 12. Ng3 Nh6 13. f3 Nf7 14. e4 Ne5 15. Nh5 Kf7 16. Nf4 Bc8 17. h4 Bd6 18. Nd3 Nd7 19. Nb4 c5 20. Bc4+ Ke8 21. Nd3 Bb7 22. Rhe1 Bg3 23. Re2 Ne5 24. Nxe5 fxe5 25. Be1 Bxe1 26. Rexe1 Ke7 27. Rd2 Rad8 28. Rxd8 Rxd8 29. Rd1 Rf8 30. Kd2 Rf4 31. Rh1 h6 32. Ke3 Bc8 33. g3 Rf8 34. f4 Bb7 35. c3 Bc8 36. Rd1 c6 37. Be2 Be6 38. f5 Bb3 39. Rg1 c4 40. g4 Rh8 41. Bd1 Rd8 42. Bxb3 cxb3 43. Ke2 b5 44. Rd1 Rxd1 45. Kxd1 c5 46. g5 hxg5 47. hxg5 a5 48. Kc1 c4 49. Kd2 Kf7 50. Kc1 Kf8 51. Kb1 Ke7 52. Kc1 Kd6 53. Kb1 Ke7 54. Kc1 Ke8 55. Kb1 Kf7 56. Kc1 a4 57. Kb1 Kf8 58. Kc1 g6 59. f6 Kf7 60. Kb1 Ke6 61. Kc1 Kf7 62. Kb1 Ke6 63. Kc1 Kf7 1/2-1/2


[Site "https://www.chess.com"]